[ AOE2 MATCH · #479975595 ]
Team RMGoths vs Jurchens
[ REPLAY ANALYSIS · EXTRACTED FROM THE RECORDED GAME ]
Feudal
—
Castle
—
Imperial
—
| APM avg | 1.4 |
| APM peak | 6 |
| eAPM avg | 1.4 |
| Villagers / military | 0 / 0 |
Feudal
—
Castle
—
Imperial
—
| APM avg | 37.5 |
| APM peak | 54 |
| eAPM avg | 15.5 |
| Villagers / military | 22 / 0 |
Focus
⚔️ 21.3% · 🌾 78.7%
Feudal
—
Castle
—
Imperial
—
| APM avg | 66.5 |
| APM peak | 140 |
| eAPM avg | 19.5 |
| Villagers / military | 15 / 0 |
Focus
⚔️ 47.3% · 🌾 52.7%
Feudal
—
Castle
—
Imperial
—
| APM avg | 65.1 |
| APM peak | 88 |
| eAPM avg | 23.0 |
| Villagers / military | 19 / 0 |
Focus
⚔️ 28.0% · 🌾 72.0%
Feudal
—
Castle
—
Imperial
—
| APM avg | 36.9 |
| APM peak | 49 |
| eAPM avg | 18.6 |
| Villagers / military | 18 / 0 |
Focus
⚔️ 34.9% · 🌾 65.1%
Feudal
—
Castle
—
Imperial
—
| APM avg | 51.2 |
| APM peak | 92 |
| eAPM avg | 22.6 |
| Villagers / military | 15 / 0 |
Focus
⚔️ 47.7% · 🌾 52.3%
Feudal
—
Castle
—
Imperial
—
| APM avg | 29.0 |
| APM peak | 62 |
| eAPM avg | 9.5 |
| Villagers / military | 18 / 0 |
Focus
⚔️ 0.0% · 🌾 100.0%
Feudal
—
Castle
—
Imperial
—
| APM avg | 70.7 |
| APM peak | 101 |
| eAPM avg | 22.4 |
| Villagers / military | 24 / 0 |
Focus
⚔️ 26.2% · 🌾 73.8%
Match map
Initial resources + every placement click. Lines = walls · curves = elevation contours. ◆ gold · ⬟ stone · ● berries · ✦ relic · ◌ wall gap
Your base
HR V8ryge's base
Envetel's base
HR Whitecourt's base
晚辞's base
HR | Darkjosh89's base
aunclelikegod02's base
Melodias's base
Smoothed initial terrain · ◌ = detected wall gap · hover for details
Inputs per minute
— [CL] Valen - - HR V8ryge
Build order — [CL] Valen
0 actions detected in the replay
Build order — HR V8ryge
27 actions detected in the replay
| 0:01 | Create | Villager (Male) |
| 0:01 | Create | Villager (Male) |
| 0:02 | Create | Villager (Male) |
| 0:02 | Create | Villager (Male) |
| 0:03 | Build | House |
| 0:04 | Build | House |
| 1:34 | Create | Villager (Male) |
| 1:34 | Create | Villager (Male) |
| 1:48 | Build | Lumber Camp |
| 1:51 | Create | Villager (Male) |
| 1:51 | Create | Villager (Male) |
| 2:06 | Create | Villager (Male) |
| 2:06 | Create | Villager (Male) |
| 2:37 | Create | Villager (Male) |
| 2:37 | Create | Villager (Male) |
| 3:07 | Create | Villager (Male) |
| 3:07 | Create | Villager (Male) |
| 3:31 | Create | Villager (Male) |
| 3:32 | Create | Villager (Male) |
| 3:38 | Build | House |
| 3:44 | Create | Villager (Male) |
| 3:44 | Create | Villager (Male) |
| 4:06 | Create | Villager (Male) |
| 4:06 | Create | Villager (Male) |
| 4:39 | Build | Mill |
| 4:45 | Create | Villager (Male) |
| 4:45 | Create | Villager (Male) |
Build order — Envetel
16 actions detected in the replay
| 0:01 | Create | Villager (Male) ×4 |
| 0:03 | Build | House |
| 0:04 | Build | House |
| 1:30 | Create | Villager (Male) |
| 1:42 | Create | Villager (Male) |
| 1:42 | Create | Villager (Male) |
| 2:23 | Create | Villager (Male) |
| 2:24 | Create | Villager (Male) |
| 2:55 | Create | Villager (Male) |
| 2:56 | Create | Villager (Male) |
| 3:16 | Create | Villager (Male) |
| 3:16 | Create | Villager (Male) |
| 3:27 | Build | Lumber Camp |
| 3:34 | Build | House |
| 3:47 | Create | Villager (Male) |
| 3:47 | Create | Villager (Male) |
Build order — HR Whitecourt
34 actions detected in the replay
| 0:01 | Create | Villager (Male) |
| 0:02 | Build | House |
| 0:03 | Build | House |
| 0:18 | Create | Villager (Male) |
| 0:19 | Create | Villager (Male) |
| 0:24 | Create | Villager (Male) |
| 0:24 | Create | Villager (Male) |
| 1:24 | Create | Villager (Male) |
| 1:24 | Create | Villager (Male) |
| 1:46 | Build | Lumber Camp |
| 1:55 | Create | Villager (Male) |
| 1:55 | Create | Villager (Male) |
| 2:13 | Create | Villager (Male) |
| 2:14 | Create | Villager (Male) |
| 2:48 | Create | Villager (Male) |
| 3:07 | Create | Villager (Male) |
| 3:07 | Create | Villager (Male) |
| 3:20 | Build | Palisade Gate |
| 3:26 | Create | Villager (Male) |
| 3:40 | Build | Palisade Wall |
| 3:42 | Build | Palisade Wall |
| 3:44 | Build | Palisade Wall |
| 3:47 | Build | Palisade Wall |
| 3:51 | Build | Palisade Wall |
| 3:55 | Build | Palisade Wall |
| 3:58 | Build | Palisade Wall |
| 4:03 | Build | Palisade Wall |
| 4:05 | Create | Villager (Male) |
| 4:07 | Build | Palisade Wall |
| 4:13 | Build | House |
| 4:22 | Create | Villager (Male) |
| 4:22 | Create | Villager (Male) |
| 4:49 | Create | Villager (Male) |
| 4:53 | Build | Mill |
Build order — 晚辞
37 actions detected in the replay
| 0:02 | Create | Villager (Male) |
| 0:02 | Create | Villager (Male) |
| 0:03 | Create | Villager (Male) |
| 0:04 | Build | House |
| 0:04 | Create | Villager (Male) |
| 0:04 | Create | Villager (Male) |
| 0:05 | Build | House |
| 1:32 | Create | Villager (Male) |
| 1:52 | Build | Lumber Camp |
| 2:02 | Create | Villager (Male) |
| 2:03 | Create | Villager (Male) |
| 2:21 | Build | Palisade Wall |
| 2:23 | Build | Palisade Wall |
| 2:25 | Build | Palisade Wall |
| 2:26 | Create | Villager (Male) |
| 2:26 | Create | Villager (Male) |
| 2:31 | Build | Palisade Wall |
| 2:32 | Build | Palisade Wall |
| 2:38 | Build | Palisade Wall |
| 2:41 | Build | Palisade Wall |
| 2:45 | Build | Palisade Wall |
| 2:47 | Build | Palisade Wall |
| 2:57 | Build | Palisade Wall |
| 3:00 | Build | Palisade Wall |
| 3:03 | Build | Palisade Wall |
| 3:04 | Create | Villager (Male) |
| 3:04 | Create | Villager (Male) |
| 3:11 | Build | Palisade Wall |
| 3:15 | Build | Palisade Gate |
| 3:21 | Build | Palisade Wall |
| 3:22 | Create | Villager (Male) |
| 3:22 | Create | Villager (Male) |
| 4:06 | Create | Villager (Male) |
| 4:07 | Create | Villager (Male) |
| 4:38 | Create | Villager (Male) |
| 4:39 | Create | Villager (Male) |
| 4:50 | Research | Loom |
Build order — HR | Darkjosh89
18 actions detected in the replay
| 0:01 | Create | Villager (Male) |
| 0:02 | Create | Villager (Male) |
| 0:02 | Create | Villager (Male) |
| 0:02 | Create | Villager (Male) |
| 0:03 | Build | House |
| 0:04 | Build | House |
| 1:47 | Create | Villager (Male) |
| 1:47 | Create | Villager (Male) |
| 1:47 | Create | Villager (Male) |
| 2:11 | Create | Villager (Male) |
| 2:25 | Create | Villager (Male) |
| 2:25 | Create | Villager (Male) |
| 2:28 | Build | Lumber Camp |
| 2:51 | Create | Villager (Male) |
| 3:18 | Create | Villager (Male) |
| 3:50 | Create | Villager (Male) |
| 3:50 | Create | Villager (Male) |
| 4:08 | Create | Villager (Male) |
Build order — aunclelikegod02
23 actions detected in the replay
| 0:01 | Create | Villager (Male) |
| 0:02 | Create | Villager (Male) |
| 0:04 | Build | House |
| 0:06 | Build | House |
| 0:09 | Create | Villager (Male) |
| 0:10 | Create | Villager (Male) |
| 1:30 | Create | Villager (Male) |
| 1:30 | Create | Villager (Male) |
| 2:01 | Create | Villager (Male) |
| 2:01 | Create | Villager (Male) |
| 2:25 | Create | Villager (Male) |
| 2:26 | Create | Villager (Male) |
| 2:49 | Create | Villager (Male) |
| 3:05 | Build | Lumber Camp |
| 3:15 | Create | Villager (Male) |
| 3:15 | Create | Villager (Male) |
| 3:18 | Create | Villager (Male) |
| 3:18 | Create | Villager (Male) |
| 3:42 | Create | Villager (Male) |
| 3:42 | Create | Villager (Male) |
| 3:42 | Create | Villager (Male) |
| 3:51 | Build | House |
| 3:52 | Build | House |
Build order — Melodias
26 actions detected in the replay
| 0:01 | Create | Villager (Male) |
| 0:01 | Create | Villager (Male) |
| 0:01 | Create | Villager (Male) |
| 0:03 | Build | House |
| 0:04 | Build | House |
| 0:08 | Create | Villager (Male) |
| 0:08 | Create | Villager (Male) |
| 1:29 | Create | Villager (Male) |
| 1:30 | Create | Villager (Male) |
| 1:43 | Create | Villager (Male) |
| 1:44 | Create | Villager (Male) |
| 2:13 | Create | Villager (Male) |
| 2:13 | Create | Villager (Male) |
| 2:28 | Create | Villager (Male) |
| 2:28 | Create | Villager (Male) |
| 2:49 | Create | Villager (Male) |
| 3:05 | Create | Villager (Male) |
| 3:05 | Create | Villager (Male) |
| 3:22 | Create | Villager (Male) |
| 3:22 | Create | Villager (Male) |
| 3:43 | Create | Villager (Male) |
| 3:43 | Create | Villager (Male) |
| 4:22 | Create | Villager (Male) |
| 4:22 | Create | Villager (Male) |
| 4:31 | Create | Villager (Male) |
| 4:32 | Create | Villager (Male) |
Match timeline
| 2:21 | 晚辞 · wall_segment Palisade Wall x1 |
| 2:23 | 晚辞 · wall_segment Palisade Wall x1 |
| 2:25 | 晚辞 · wall_segment Palisade Wall x1 |
| 2:31 | 晚辞 · wall_segment Palisade Wall x1 |
| 2:32 | 晚辞 · wall_segment Palisade Wall x1 |
| 2:38 | 晚辞 · wall_segment Palisade Wall x1 |
| 2:41 | 晚辞 · wall_segment Palisade Wall x1 |
| 2:45 | 晚辞 · wall_segment Palisade Wall x1 |
| 2:47 | 晚辞 · wall_segment Palisade Wall x1 |
| 2:57 | 晚辞 · wall_segment Palisade Wall x1 |
| 3:00 | 晚辞 · wall_segment Palisade Wall x1 |
| 3:03 | 晚辞 · wall_segment Palisade Wall x1 |
| 3:11 | 晚辞 · wall_segment Palisade Wall x1 |
| 3:21 | 晚辞 · wall_segment Palisade Wall x1 |
| 3:40 | HR Whitecourt · wall_segment Palisade Wall x2 |
| 3:42 | HR Whitecourt · wall_segment Palisade Wall x1 |
| 3:44 | HR Whitecourt · wall_segment Palisade Wall x1 |
| 3:47 | HR Whitecourt · wall_segment Palisade Wall x1 |
| 3:51 | HR Whitecourt · wall_segment Palisade Wall x1 |
| 3:51 | [CL] Valen · resign |
| 3:55 | HR Whitecourt · wall_segment Palisade Wall x1 |
| 3:58 | HR Whitecourt · wall_segment Palisade Wall x1 |
| 4:03 | HR Whitecourt · wall_segment Palisade Wall x1 |
| 4:07 | HR Whitecourt · wall_segment Palisade Wall x1 |
[ AI ANALYSIS · 1 CREDIT ]
What really happened in this match?
Wolo.gg analyzes every decision: build order, eco, micro, common mistakes by bracket. Personalized analysis on WhatsApp or Discord in 30 seconds.
Civ guide
Goths
Map guide
Arena
Perfil
[CL] Valen